 Dungeon Crawl Stone Soup version 0.21.1-1-g345015fe64 (webtiles) character file.

351 PikkenKukken the Shield-Bearer (level 6, -8/38 HPs)
             Began as a Gargoyle Fighter on June 7, 2018.
             Mangled by an ogre
             ... wielding a +0 giant club
              (27 damage)
             ... on level 4 of the Dungeon.
             The game lasted 00:06:24 (2901 turns).

PikkenKukken the Shield-Bearer (Gargoyle Fighter)   Turns: 2901, Time: 00:06:25

Health: -8/38      AC: 13    Str: 19    XL:     6   Next: 61%
Magic:  8/8        EV:  5    Int:  9    God:
Gold:   165        SH: 10    Dex: 11    Spells: 8/8 levels left

rFire    . . .     SeeInvis .   a - +1 flail
rCold    . . .     Gourm    .   c - +1 shield
rNeg     + . .     Faith    .   j - +0 chain mail
rPois    ∞         Spirit   .   (no helmet)
rElec    +         Reflect  .   (no cloak)
rCorr    .         Harm     .   (no gloves)
MR       .....                  (no boots)
Stlth    ..........             (no amulet)
HPRegen  0.12/turn              (no ring)
MPRegen  0.11/turn              (no ring)

@: no status effects
A: negative energy resistance 1, electricity resistance, unbreathing,
petrification resistance, rot immunity, AC +4
a: no special abilities


You were on level 4 of the Dungeon.
You were not hungry.

You visited 1 branch of the dungeon, and saw 4 of its levels.

You collected 165 gold pieces.

Inventory:

Hand Weapons
 a - a +1 flail (weapon)
Armour
 c - a +1 shield (worn)
 j - a +0 chain mail (worn)
Scrolls
 e - 2 scrolls of teleportation
 g - 8 scrolls of identify
 h - 3 scrolls of enchant weapon
 i - a scroll of immolation {unknown}
 k - a scroll of random uselessness {unknown}
 l - a scroll of enchant armour
 m - a scroll of remove curse
Potions
 d - a potion of might
 n - a potion of curing
Comestibles
 b - a chunk of flesh
 f - 7 rations


   Skills:
 + Level 4.1 Fighting
 + Level 4.2 Maces & Flails
 + Level 4.2 Armour
 + Level 0.5 Dodging
 + Level 4.7 Shields
 * Level 1.9 Spellcasting


You had 8 spell levels left.
You didn't know any spells.

Dungeon Overview and Level Annotations

Branches:
Dungeon (4/15)
 Temple: D:4-7

Altars:


Innate Abilities, Weirdness & Mutations

You are resistant to torment.
Your stone body is resilient. (AC +4)
You are immune to poison.
You resist negative energy. (rN+)
You are resistant to electric shocks. (rElec)
You can survive without breathing.
You are immune to petrification.
You are immune to rotting.


Message History

This raw flesh tastes terrible.
Found a stone staircase leading down.
An ogre comes into view. It is wielding a giant club.
The ogre shouts!
There is a stone staircase leading down here.
You hit the ogre.
The ogre is lightly wounded.
The ogre hits you with a giant club!!
Ouch! That really hurt!
You are too injured to fight recklessly!
You are too injured to fight recklessly!
You are too injured to fight recklessly!
You are too injured to fight recklessly!
You are too injured to fight recklessly!
You are too injured to fight recklessly!
Your shield and chain mail prevent you from hitting the ogre.
The ogre is lightly wounded.
The ogre hits you with a giant club!!
Ouch! That really hurt!
You die...

#....# ........# #.....
........# #.....
........# #.....
........# #######.....
........# #.......##.)
........#####.......##..
......O.............[...
.......@................
........########.###.#..
######### #..#.....
##.#..... ##############
#.#..... .............#
#.#.....
.###########.#######
#..#.### .# #<#.......#
##.#.# .# #.#.......#
#.#.#


You could see an ogre.

Vanquished Creatures
  An ogre (D:4)
  A scorpion (D:3)
  2 hounds
  A worker ant (D:4)
  7 adders
  3 worms
  5 leopard geckos
  5 orcs
  A giant cockroach (D:3)
  4 goblins
  10 hobgoblins
  2 jackals (D:3)
  5 bats
  6 frilled lizards
  4 kobolds
  10 rats
67 creatures vanquished.

Notes
Turn   | Place    | Note
-------+----------+-------------------------------------------
     0 | D:1      | PikkenKukken the Gargoyle Fighter began the quest for the Orb.
     0 | D:1      | Reached XP level 1. HP: 14/14 MP: 1/1
   183 | D:1      | Reached XP level 2. HP: 19/19 MP: 2/2
   519 | D:1      | You fall through a shaft!
   555 | D:2      | Reached XP level 3. HP: 23/23 MP: 3/3
   829 | D:2      | Reached XP level 4. HP: 28/29 MP: 4/4
  1768 | D:3      | Reached XP level 5. HP: 32/33 MP: 5/5
  1877 | D:3      | Reached skill level 1 in Spellcasting
  2196 | D:4      | Noticed an ogre
  2232 | D:3      | Reached XP level 6. HP: 34/38 MP: 8/8
  2901 | D:4      | Mangled by an ogre

Skill      XL: |  1  2  3  4  5  6 |
---------------+-------------------+-----
Shields        | 4 |  4.7
Maces & Flails | 3 4 |  4.2
Spellcasting   | 1 |  1.9
Fighting       | 4 |  4.1
Armour         | 4 |  4.2
Dodging        | |  0.5

Action                   |  1- 3 |  4- 6 || total
-------------------------+-------+-------++-------
Melee: Flail             |   123 |   165 ||   288
  Use: Scroll            |     6 |     1 ||     7
       Potion            |     2 |     2 ||     4
  Eat: Chunk             |       |     7 ||     7
Armor: Scale mail        |    51 |    32 ||    83
       Chain mail        |       |    49 ||    49
Dodge: Dodged            |    37 |    36 ||    73
Block: Shield            |    69 |   102 ||   171
